 Dungeon Crawl Stone Soup version 0.24.0-13-gcf9b319 (webtiles) character file.

Game seed: 15169547196052747451, levelgen mode: deterministic

55008 Fang the Fighter (level 14, -16/96 HPs)
             Began as a Gargoyle Fighter on Dec 19, 2019.
             Was a High Priest of Trog.
             Demolished by a titanic slime creature (55 damage)
             ... on level 13 of the Dungeon.
             The game lasted 00:21:03 (18036 turns).

Fang the Fighter (Gargoyle Fighter)                Turns: 18036, Time: 00:21:04

Health: -16/96     AC: 37    Str: 29    XL:     14   Next: 75%
Magic:  14/14      EV:  8    Int:  8    God:    Trog [*****.]
Gold:   1294       SH: 14    Dex:  9    Spells: 13/13 levels left

rFire    + + +     SeeInvis +   j - +6 war axe "Gupicige" {venom, rPois rF++ rN+ Int-3}
rCold    + + .     Gourm    .   B - +0 shield
rNeg     + + +     Faith    .   b - +5 plate armour {rN+}
rPois    ∞         Spirit   .   l - +2 helmet {SInv}
rElec    +         Reflect  .   E - scarf {rC+ rF+}
rCorr    .         Harm     .   F - +0 pair of gloves of the Invisible Hand {Str+3}
MR       +....                  (no boots)
Stlth    ..........             x - amulet of regeneration
HPRegen  0.66/turn              g - +3 ring of strength
MPRegen  0.14/turn              L - ring of protection from cold

@: flying
A: big wings, negative energy resistance 1, electricity resistance, unbreathing,
petrification resistance, rot immunity, AC +10
a: Stop Flying, Berserk, Trog's Hand, Brothers in Arms, Renounce Religion


You were on level 13 of the Dungeon.
You worshipped Trog.
Trog was extremely pleased with you.
You were hungry.

You visited 4 branches of the dungeon, and saw 21 of its levels.

You collected 1294 gold pieces.

Inventory:

Hand Weapons
 a - a +2 war axe of protection
 j - the +6 war axe "Gupicige" (weapon) {venom, rPois rF++ rN+ Int-3}
   (You acquired it on level 11 of the Dungeon)

   It poisons the flesh of those it strikes.
   It affects your intelligence (-3).
   It greatly protects you from fire.
   It protects you from poison.
   It protects you from negative energy.
Armour
 b - a +5 plate armour of positive energy (worn)
 l - a +2 helmet of see invisible (worn)
 m - a +2 cloak
 B - a +0 shield (worn)
 E - a scarf of resistance (worn)
 F - the +0 pair of gloves of the Invisible Hand (worn) {Str+3}
   (You found it on level 11 of the Dungeon)

   It affects your strength (+3).
Jewellery
 g - a +3 ring of strength (left hand)
 x - an amulet of regeneration (around neck)
 L - a ring of protection from cold (right hand)
Wands
 f - a wand of flame (51)
 t - a wand of acid (12)
 u - a wand of disintegration (8)
 w - a wand of random effects (11)
 A - a wand of clouds (8)
 H - a wand of polymorph (19)
 I - a wand of paralysis (3)
 K - a wand of iceblast (12)
Scrolls
 e - 4 scrolls of identify
 h - 5 scrolls of fog
 i - 5 scrolls of teleportation
 n - 7 scrolls of remove curse
 o - a scroll of fear
 y - 5 scrolls of enchant weapon
 J - a scroll of silence
Potions
 d - 3 potions of might
 k - a potion of resistance
 p - 2 potions of invisibility
 q - a potion of heal wounds
 s - 6 potions of curing
 v - 4 potions of mutation
 z - a potion of cancellation
 C - a potion of berserk rage
Comestibles
 c - 22 rations


   Skills:
 + Level 14.0 Fighting
 + Level 11.8 Axes
 + Level 14.0 Armour
 + Level 13.9 Shields


You had 13 spell levels left.
You didn't know any spells.
Your spell library was empty.

Dungeon Overview and Level Annotations

Branches:
Dungeon (13/15)            Temple (1/1) D:6            Lair (6/6) D:11
  Swamp (0/4) Lair:2       Spider (0/4) Lair:4        Slime (1/5) Lair:5
    Orc (0/2) D:10         Vaults (0/5) D:13

Altars:
Ashenzari
Cheibriados
Dithmenos
Elyvilon
Fedhas
Gozag
Hepliaklqana
Kikubaaqudgha
Makhleb
Nemelex Xobeh
Okawaru
Qazlal
Ru
Sif Muna
Trog
Uskayaw
Vehumet
Wu Jian
Xom
Yredelemnul
The Shining One
Lugonu

Shops:
D:4 %   D:13 !

Annotations:
Lair:1 exclusion: 3 oklob plants
Lair:2 2 transporters, Renzlar's ghost, novice GnSu
Lair:5 exclusion: oklob plant


Innate Abilities, Weirdness & Mutations

You are resistant to torment.
Your stone body is resilient. (AC +10)
You are immune to poison.
Your large and strong wings let you fly indefinitely.
You resist negative energy. (rN+)
You are resistant to electric shocks. (rElec)
You can survive without breathing.
You are immune to petrification.
You are immune to rotting.


Message History

You barely miss the titanic slime creature.
The titanic slime creature is severely wounded.
The titanic slime creature hits you but does no damage.
You slice the titanic slime creature!!
The titanic slime creature is almost dead.
You block the titanic slime creature's attack.
You slash the titanic slime creature!
The titanic slime creature is almost dead.
The titanic slime creature hits you!!
You are too injured to fight recklessly!
You are too injured to fight recklessly!
You are too injured to fight recklessly!
You are too injured to fight recklessly!
You are too injured to fight recklessly!
You are too injured to fight recklessly!
You are too injured to fight recklessly!
You are too injured to fight recklessly!
The titanic slime creature hits you!!!
Ouch! That really hurt!
You die...

#.....(.............#..
#.#####....###..###....
#. #.#.#####.####... #
#.#.#............
#.#####.#(#.###........
#.........#.###<.###.#.
#####................##
#.....)().....#####
#..@...#)##...#
#.J....#)##...#
#.##.###(##...#
#.##.#.((##...######
#.##...(###∩...†....
#.##...(...<..######
#.###...###.#.#
#.#.......#.#.#
#.............#


You could see a titanic slime creature.

Vanquished Creatures
  Rupert (Lair:5)
  6 dire elephants (Lair:6)
  Snorg (Lair:5)
  A fire dragon (Lair:4)
  A yaktaur captain (D:13)
  3 hydras
  2 centaur warriors (D:13)
  A two-headed ogre (D:8)
  An anaconda (Lair:6)
  Sonja (Lair:4)
  2 unseen horrors
  A phantasmal warrior (D:11)
  3 ugly things
  2 wolf spiders (Lair:4)
  2 cyclopes
  A manticore (D:13)
  4 elephants (Lair:6)
  2 centaur zombies
  9 black mambas
  A torpor snail (Lair:6)
  A gargoyle (D:11)
  7 spiny frogs
  2 rime drakes (Lair:6)
  2 yaktaurs (D:13)
  An efreet (D:11)
  6 komodo dragons
  4 kobold demonologists
  5 trolls
  A polar bear (Lair:6)
  A queen bee (D:11)
  3 jumping spiders (Lair:4)
  A hornet (Lair:4)
  20 blink frogs
  8 hippogriffs
  A wraith (D:11)
  A shadow (D:11)
  2 wyverns
  3 hungry ghosts
  A basilisk (Lair:2)
  18 yaks
  A steam dragon (D:11)
  8 vampire mosquitoes
  2 swamp worms (Lair:2)
  9 water moccasins
  4 orc warriors
  12 porcupines
  3 black bears (D:11)
  5 ice beasts
  3 sky beasts
  A phantom (D:9)
  9 wolves
  6 ogres
  10 centaurs
  10 crocodiles
  4 big kobolds
  2 wyvern zombies
  12 bullfrogs
  A wyvern skeleton (D:13)
  9 scorpions
  14 killer bees (D:11)
  An electric eel (Lair:5)
  3 howler monkeys
  13 wights
  4 crimson imps
  2 bullfrog zombies
  A jelly (D:5)
  7 orc priests
  2 hounds (D:12)
  4 bullfrog skeletons
  Crazy Yiuf (D:2)
  3 centaur skeletons
  A gnoll shaman (D:2)
  Ijyb (D:3)
  Terence (D:2)
  12 orc wizards
  10 worker ants
  An iguana (D:5)
  A hound skeleton (D:5)
  Robin (D:2)
  17 gnolls
  A worker ant zombie (D:5)
  13 adders
  2 shadow imps
  An ooze (D:3)
  4 adder skeletons
  3 worms (D:3)
  2 dart slugs (D:1)
  7 leopard geckos
  62 orcs
  2 giant cockroaches
  11 goblins
  9 hobgoblins
  22 jackals
  13 kobolds
  6 quokkas
  6 bats
  6 frilled lizards
  A jackal skeleton (D:6)
  2 leopard gecko zombies (D:5)
  3 rats
  A demonic plant (D:13)
  12 fungi
  10 plants
543 creatures vanquished.

Vanquished Creatures (collateral kills)
  A hydra (Lair:2)
  A tyrant leech (Lair:2)
2 creatures vanquished.

Vanquished Creatures (others)
  A wyvern skeleton (D:11)
  A worker ant zombie (D:11)
  A quokka (D:11)
  2 fungi
  2 plants
7 creatures vanquished.

Grand Total: 552 creatures vanquished

Notes
Turn   | Place    | Note
-------+----------+-------------------------------------------
     0 | D:1      | Fang the Gargoyle Fighter began the quest for the Orb.
     0 | D:1      | Reached XP level 1. HP: 14/14 MP: 1/1
   177 | D:1      | Reached XP level 2. HP: 15/19 MP: 2/2
   957 | D:2      | Noticed Terence
   962 | D:2      | Reached XP level 3. HP: 23/23 MP: 3/3
   979 | D:2      | Killed Terence
   998 | D:2      | Found a runed translucent door.
   999 | D:2      | Noticed Crazy Yiuf
  1032 | D:2      | Reached XP level 4. HP: 25/29 MP: 4/4
  1053 | D:2      | Reached XP level 5. HP: 23/33 MP: 5/5
  1667 | D:2      | Noticed Robin
  1688 | D:2      | Killed Robin
  2115 | D:2      | Killed Crazy Yiuf
  2226 | D:3      | Noticed Ijyb
  2241 | D:3      | Reached XP level 6. HP: 33/39 MP: 6/6
  2266 | D:3      | Killed Ijyb
  2756 | D:3      | Found an ornate altar of the Wu Jian Council.
  2870 | D:4      | Found Antes's Food Boutique.
  2892 | D:4      | Reached skill level 5 in Fighting
  2909 | D:4      | Reached skill level 5 in Armour
  2909 | D:4      | Reached skill level 5 in Shields
  2909 | D:4      | Reached XP level 7. HP: 41/44 MP: 7/7
  3529 | D:5      | Entered Level 5 of the Dungeon
  3587 | D:5      | Reached XP level 8. HP: 27/51 MP: 8/8
  4328 | D:6      | Reached skill level 5 in Axes
  4558 | D:6      | Found a staircase to the Ecumenical Temple.
  4612 | Temple   | Entered the Ecumenical Temple
  4634 | Temple   | Became a worshipper of Trog the Wrathful
  4913 | D:6      | Reached XP level 9. HP: 54/56 MP: 9/9
  5542 | D:7      | Reached * piety under Trog
  5796 | D:8      | Noticed a two-headed ogre
  5808 | D:8      | Killed a two-headed ogre
  6272 | D:8      | Reached XP level 10. HP: 61/64 MP: 10/10
  7406 | D:10     | Entered Level 10 of the Dungeon
  7574 | D:10     | Reached ** piety under Trog
  7719 | D:10     | Found a staircase to the Orcish Mines.
  7753 | D:10     | Found the +0 pair of fencer's gloves {Riposte Dex+3}
  7981 | D:10     | Reached *** piety under Trog
  8230 | D:11     | Found a transporter.
  8239 | D:11     | Noticed a phantasmal warrior
  8292 | D:11     | Reached XP level 11. HP: 52/71 MP: 11/11
  8331 | D:11     | Found a staircase to the Lair.
  8402 | D:11     | Got a pair of fine gloves
  8417 | D:11     | Identified the +0 pair of gloves of the Invisible Hand
                  | {Str+3} (You found it on level 11 of the Dungeon)
  8454 | D:11     | Noticed a cyclops
  8467 | D:11     | Killed a cyclops
  8539 | D:11     | Reached skill level 10 in Fighting
  8555 | D:11     | Reached skill level 10 in Shields
  8562 | D:11     | Reached skill level 10 in Armour
  8587 | D:11     | Identified a scroll of acquirement
  8590 | D:11     | Got a slimy war axe
  8591 | D:11     | Identified the +6 war axe "Gupicige" {venom, rPois rF++ rN+
                  | Int-3} (You acquired it on level 11 of the Dungeon)
  8729 | D:11     | Found a transporter.
  8744 | D:11     | Reached **** piety under Trog
  8754 | D:11     | Noticed a red ugly thing
  8768 | D:11     | Killed a red ugly thing
  9189 | D:11     | Killed a phantasmal warrior
  9425 | D:12     | Noticed a cyclops
  9440 | D:12     | Killed a cyclops
  9512 | D:12     | Reached XP level 12. HP: 79/79 MP: 12/12
  9606 | D:12     | Reached ***** piety under Trog
 10219 | Lair:1   | Entered Level 1 of the Lair of Beasts
 11175 | Lair:2   | Found a transporter.
 11180 | Lair:2   | Found a transporter.
 11180 | Lair:2   | Noticed Renzlar's ghost (novice GnSu)
 11314 | Lair:2   | Found a sparkling altar of Nemelex Xobeh.
 11700 | Lair:2   | Noticed an eight-headed hydra
 11700 | Lair:2   | Noticed an eight-headed hydra
 11713 | Lair:2   | Killed an eight-headed hydra
 12086 | Lair:2   | Killed a 16-headed hydra
 12199 | Lair:2   | Found a staircase to the Swamp.
 12326 | Lair:3   | Reached skill level 10 in Axes
 12372 | Lair:3   | Reached XP level 13. HP: 35/86 MP: 13/13
 13551 | Lair:4   | Noticed Sonja
 13571 | Lair:4   | Killed Sonja
 13782 | Lair:4   | Noticed a fire dragon
 13795 | Lair:4   | Killed a fire dragon
 14245 | Lair:4   | Found a hole to the Spider Nest.
 14583 | Lair:5   | Noticed Rupert
 14604 | Lair:5   | Killed Rupert
 14707 | Lair:5   | Found a staircase to the Slime Pits.
 14805 | Lair:5   | Noticed Snorg
 14821 | Lair:5   | Killed Snorg
 15433 | Slime:1  | Entered Level 1 of the Pits of Slime
 15443 | Lair:6   | Entered Level 6 of the Lair of Beasts
 15560 | Lair:6   | Gained mutation: Your large and strong wings let you fly
                  | indefinitely. [Gargoyle growth]
 15560 | Lair:6   | Reached XP level 14. HP: 94/94 MP: 14/14
 16617 | Lair:6   | Noticed a dire elephant
 16617 | Lair:6   | Noticed a dire elephant
 16625 | Lair:6   | Killed a dire elephant
 16634 | Lair:6   | Killed a dire elephant
 16638 | Lair:6   | Noticed a dire elephant
 16664 | Lair:6   | Got a vibrating turquoise ring
 16672 | Lair:6   | Identified the cursed ring "Hoarebed" {-Tele +Fly rElec
                  | Str+3 Dex-4} (You found it on level 6 of the Lair of
                  | Beasts)
 16695 | Lair:6   | Killed a dire elephant
 16753 | Lair:6   | Noticed a dire elephant
 16766 | Lair:6   | Killed a dire elephant
 16937 | Lair:6   | Noticed a dire elephant
 16948 | Lair:6   | Killed a dire elephant
 17045 | Lair:6   | Noticed a dire elephant
 17058 | Lair:6   | Killed a dire elephant
 17512 | D:13     | Found Henute's Distillery.
 17592 | D:13     | Found a gate to the Vaults.
 17823 | D:13     | Found a corrupted altar of Lugonu.
 18036 | D:13     | Demolished by a titanic slime creature

Levels and vault maps discovered:
D:1:      mrwooster_arrival_statue_3, layout_basic, serial_bayou_pond_e
D:2:      layout_loops_ring, first_ration, uniq_robin, uniq_terence,
          uniq_crazy_yiuf_cottage
D:3:      layout_loops_ring, marbit_many_paths, uniq_ijyb
D:4:      layout_rooms, serial_shops, shop_fountains
D:5:      layout_basic, kennysheep_generic_room_7
D:6:      layout_layer_cave, minmay_temple_entry_purple_smoke
D:7:      layout_rooms
D:8:      layout_cave_pools
D:9:      layout_loops_corners
D:10:     layout_roguey, hiddenorc2_lemuel
D:11:     gammafunk_the_bubble [the_bubble_gammafunk_crates], layout_cave_pools,
          due_lair_maze_entry_diamond, serial_column_ruins, column_ruins_hut,
          column_ruins_hut_pillars, column_ruins_open_large,
          column_ruins_grid_2, column_ruins_open_tiny_water,
          column_ruins_open_tiny, column_ruins_open_small, david_nohive_1
D:12:     layout_long_grid
D:13:     kennysheep_kobold_lugonu_temple, layout_loops_ring, david_vaults_2,
          serial_shops, shop
Temple:   dpeg_three_leaves_temple
Lair:1:   layout_regular_city, minmay_lair_oklob_chamber
Lair:2:   layout_cave_shapes, palyth_hydra_swamp_entry, basic_altar,
          gammafunk_ghost_hive, serial_bayou_shore_b
Lair:3:   layout_roguey, serial_bayou, serial_bayou_shore_b,
          serial_bayou_pond_e, serial_bayou_pond_e, serial_bayou_shore_a,
          grunt_megastairs_2
Lair:4:   dragon1_lemuel, layout_regular_city, spider_nest_entry_funnel_web,
          chequers_serial_rivers_micro_b, eino_small_chamber_without_monster,
          uniq_sonja
Lair:5:   layout_gridlike, slime_dummy, uniq_rupert, uniq_snorg
Lair:6:   due_jungle_book, layout_misc_corridors
Slime:1:  layout_caves, basic_altar

Skill      XL: |  1  2  3  4  5  6  7  8  9 10 11 12 13 14 |
---------------+-------------------------------------------+-----
Axes           | 2 3 4 5 6 7 9 10 11 | 11.8
Fighting       | 4 5 6 8 9 10 12 13 14 | 14.0
Armour         | 4 5 6 8 9 10 12 13 14 | 14.0
Shields        | 4 5 6 8 9 10 12 13 | 13.9

Action                   |  1- 3 |  4- 6 |  7- 9 | 10-12 | 13-15 || total
-------------------------+-------+-------+-------+-------+-------++-------
Melee: War axe           |    83 |   239 |   379 |   809 |   518 ||  2028
Invok: Berserk           |       |       |     1 |     5 |    11 ||    17
       Brothers in Arms  |       |       |       |     5 |       ||     5
       Trog's Hand       |       |       |       |       |     1 ||     1
 Abil: Fly               |       |       |       |       |     1 ||     1
  Use: Scroll            |       |     5 |     8 |    23 |     3 ||    39
       Potion            |       |       |     1 |     2 |       ||     3
  Eat: Chunk             |     1 |     6 |    12 |    23 |    25 ||    67
       Ration            |       |       |     1 |     3 |     1 ||     5
Armor: Scale mail        |    56 |   127 |       |       |       ||   183
       Chain mail        |       |       |   180 |       |       ||   180
       Plate armour      |       |       |   129 |   778 |   351 ||  1258
Dodge: Dodged            |    30 |    73 |   112 |   247 |   149 ||   611
Block: Shield            |    50 |   117 |   264 |   683 |   387 ||  1501
       Rpst.: War axe    |       |       |       |     7 |       ||     7
